 Dungeon Crawl Stone Soup version 0.23.2-33-g5129a83184 (webtiles) character file.

Game seed: 14400859443236605573

1857 psyvane the Martial Artist (level 9, 0/79 HPs)
             Began as an Octopode Transmuter on July 7, 2019.
             Was a Follower of Fedhas.
             Slain by Prince Ribbit (5 damage)
             ... on level 7 of the Dungeon.
             The game lasted 00:21:51 (7355 turns).

psyvane the Martial Artist (Octopode Transmuter)    Turns: 7355, Time: 00:21:56

Health: 0/79       AC: 24    Str: 12    XL:     9   Next: 13%
Magic:  9/12       EV:  2    Int: 17    God:    Fedhas [*.....]
Gold:   357        SH:  0    Dex: 13    Spells: 4/12 levels left

rFire    . . .     SeeInvis .     - Unarmed
rCold    . . .     Gourm    .   (no shield)
rNeg     + + +     Faith    .   (helmet currently unavailable)
rPois    +         Spirit   .   (no amulet)
rElec    .         Reflect  .   f - ring of protection from magic
rCorr    .         Harm     .   n - +2 ring of intelligence
MR       +....     NoTele   +   o - +2 ring of evasion
Stlth    +.........             (no ring)
HPRegen  0.23/turn              (no ring)
MPRegen  0.13/turn              (no ring)
                                (no ring)
                                (no ring)

@: tree-form
A: almost no armour, stealthy swim, (amphibious), 8 rings, (constrict 8)
a: Fungal Bloom, Sunlight, Renounce Religion


You were on level 7 of the Dungeon.
You worshipped Fedhas.
Fedhas was aware of your devotion.
You were not hungry.
You were a tree.
You visited 1 branch of the dungeon, and saw 7 of its levels.

You collected 357 gold pieces.

Inventory:

Missiles
 a - 62 arrows
Armour
 t - a +0 buckler
 y - a +1 hat (melded)
Jewellery
 f - a ring of protection from magic (left branch)
 n - a +2 ring of intelligence (right branch)
 o - a +2 ring of evasion (on tentacle)
Wands
 j - a wand of flame (13)
Scrolls
 b - a scroll of magic mapping
 d - a scroll of enchant armour {unknown}
 e - 4 scrolls of teleportation
 m - a scroll of immolation {unknown}
 p - a scroll of blinking {unknown}
 r - a scroll of amnesia {unknown}
 s - a scroll of fog
 v - 2 scrolls of remove curse
 x - 2 scrolls of fear {unknown}
 B - 2 scrolls of enchant weapon {unknown}
Potions
 h - 2 potions of flight
 i - 3 potions of haste
 k - a potion of degeneration
 l - 2 potions of agility
 q - a potion of mutation {unknown}
 u - a potion of might {unknown}
 w - a potion of cancellation {unknown}
 z - a potion of lignification
 A - a potion of heal wounds {unknown}
Comestibles
 c - 9 rations


   Skills:
 - Level 1.0 Fighting
 * Level 2.2 Dodging
 - Level 8.2 Unarmed Combat
 - Level 2.0 Spellcasting
 - Level 5.7 Transmutations
 - Level 6.0 Ice Magic
 - Level 2.4 Poison Magic


You had 4 spell levels left.
You knew the following spells:

 Your Spells              Type           Power        Failure   Level  Hunger
a - Beastly Appendage     Tmut           ###...       1%          1    #......
b - Spider Form           Tmut/Pois      ###.......   11%         3    ###....
c - Ice Form              Ice/Tmut       ###.....     17%         4    #####..

Your spell library contained the following spells:

 Spells                   Type           Power        Failure   Level  Hunger
 Sticks to Snakes         Tmut           ###.....     2%          2    ###....
 Summon Small Mammal      Summ           #...         19%         1    #......
 Call Imp                 Summ           #.......     28%         2    ###....
 Call Canine Familiar     Summ           #.......     50%         3    ###....
 Summon Guardian Golem    Hex/Summ       #.......     50%         3    ###....
 Summon Ice Beast         Ice/Summ       ##......     50%         4    #####..
 Summon Lightning Spire   Summ/Air       #.......     88%         4    #####..
 Blade Hands              Tmut           ###.......   45%         5    ######.


Dungeon Overview and Level Annotations

Branches:
Dungeon (7/15)             Temple (0/1) D:6

Altars:
Fedhas
Gozag
Sif Muna
Xom
Yredelemnul
Zin

Annotations:
D:7 Prince Ribbit


Innate Abilities, Weirdness & Mutations

You cannot wear most types of armour.
You are very stealthy in the water. (Stealth+)
((You are amphibious.))
You can wear up to eight rings at the same time.
((You can use your tentacles to constrict eight enemies at once.))
((Your skin changes colour to match your surroundings (Stealth+).))
((Your rubbery body absorbs attacks. (AC +1, EV +1)))


Message History

Prince Ribbit is heavily wounded.
Prince Ribbit hits you!
You barely miss Prince Ribbit.
Prince Ribbit is heavily wounded.
Prince Ribbit closely misses you.
Prince Ribbit blinks!
Okay, then.
Prince Ribbit hits you!
* * * LOW HITPOINT WARNING * * *
Prince Ribbit hits you!
* * * LOW HITPOINT WARNING * * *
You feel better. Prince Ribbit misses you.
You feel better.
Prince Ribbit blinks!
Prince Ribbit hits you!
* * * LOW HITPOINT WARNING * * *
It was a potion of lignification.
You warm up again.
Your +1 hat unmelds from your body.
You turn into a tree.
Your +1 hat melds into your body.
Your roots penetrate the ground.
Prince Ribbit hits you.
You die...
Fedhas appreciates your contribution to the ecosystem.

........................>...##.#.
.......)......###...........##...
..............####.#........[....
................####........)....
................##.........#.....
................##...#..#####...#
....................##..## #...#
.............[...F.##....# ##.##
......).........♣...<..### ###
.........##..#.........##
..........#..#).........#
..........#..###........#
..............#........##
.#.................#####
.##>...............#
.......##....#....##
#..........#####..#


You could see Prince Ribbit.

Vanquished Creatures
  A hippogriff (D:7)
  2 ice beasts
  A phantom (D:5)
  5 ogres
  A centaur (D:7)
  A bullfrog (D:6)
  A water moccasin zombie (D:7)
  A scorpion (D:5)
  A howler monkey (D:4)
  2 crimson imps
  A centaur zombie (D:7)
  A hound (D:4)
  A jelly (D:7)
  A bullfrog skeleton (D:5)
  2 orc priests (D:3)
  A centaur skeleton (D:4)
  2 orc wizards
  Jessica (D:2)
  An iguana (D:4)
  5 worker ants
  A hound skeleton (D:4)
  6 adders
  3 gnolls (D:4)
  2 oozes
  An adder skeleton (D:4)
  3 worms
  3 dart slugs (D:1)
  5 leopard geckos
  12 orcs
  5 bats (D:2)
  9 giant cockroaches
  3 goblins
  7 hobgoblins
  4 jackals (D:5)
  6 kobolds
  3 quokkas
  2 ball pythons
  8 frilled lizards
  12 rats
127 creatures vanquished.

Vanquished Creatures (others)
  35 toadstools
  A withered plant (D:4)
36 creatures vanquished.

Grand Total: 163 creatures vanquished

Notes
Turn   | Place    | Note
-------+----------+-------------------------------------------
     0 | D:1      | psyvane the Octopode Transmuter began the quest for the
                  | Orb.
     0 | D:1      | Reached XP level 1. HP: 13/13 MP: 3/3
    71 | D:1      | Reached XP level 2. HP: 13/18 MP: 3/5
   920 | D:1      | Reached XP level 3. HP: 21/23 MP: 6/6
  1193 | D:2      | Found a blossoming altar of Fedhas.
  1585 | D:2      | Became a worshipper of Fedhas Madash
  1602 | D:2      | Learned a level 3 spell: Spider Form
  1632 | D:2      | Noticed Jessica
  1645 | D:2      | Reached XP level 4. HP: 23/28 MP: 4/7
  1649 | D:2      | Killed Jessica
  1853 | D:2      | Found an opulent altar of Gozag.
  2389 | D:3      | Reached skill level 1 in Poison Magic
  2389 | D:3      | Reached XP level 5. HP: 31/33 MP: 2/8
  2736 | D:3      | Learned a level 4 spell: Ice Form
  2887 | D:3      | Reached skill level 5 in Transmutations
  3385 | D:4      | Reached XP level 6. HP: 34/38 MP: 6/9
  3434 | D:4      | Found a basalt altar of Yredelemnul.
  3517 | D:4      | Reached skill level 1 in Ice Magic
  3780 | D:4      | Reached * piety under Fedhas
  3876 | D:4      | Reached XP level 7. HP: 43/43 MP: 1/10
  3998 | D:4      | Found a deep blue altar of Sif Muna.
  4633 | D:5      | Entered Level 5 of the Dungeon
  4749 | D:5      | Reached skill level 5 in Ice Magic
  5070 | D:5      | Found a glowing silver altar of Zin.
  5072 | D:5      | Noticed an angel
  5078 | D:5      | Found a shimmering altar of Xom.
  5205 | D:5      | Reached XP level 8. HP: 44/48 MP: 9/11
  5267 | D:5      | Found a glowing drain.
  5557 | D:5      | Reached skill level 4 in Unarmed Combat
  5886 | D:6      | Reached skill level 5 in Unarmed Combat
  5892 | D:6      | Found a staircase to the Ecumenical Temple.
  6308 | D:6      | Reached skill level 6 in Unarmed Combat
  6562 | D:7      | Reached skill level 7 in Unarmed Combat
  6613 | D:7      | Noticed a hippogriff
  6615 | D:7      | Noticed Prince Ribbit
  6914 | D:7      | Killed a hippogriff
  6914 | D:7      | Reached XP level 9. HP: 33/53 MP: 7/12
  6967 | D:7      | Reached skill level 8 in Unarmed Combat
  7352 | D:7      | HP: 3/63 [Prince Ribbit (9)]
  7355 | D:7      | Slain by Prince Ribbit

Skill      XL: |  1  2  3  4  5  6  7  8  9 |
---------------+----------------------------+-----
Transmutations | 3 4 5 |  5.7
Poison Magic   | 1 2 |  2.4
Ice Magic      | 3 5 6 |  6.0
Unarmed Combat | 7 8 |  8.2
Fighting       | |  1.0
Dodging        | |  2.2
Spellcasting   | |  2.0

Action                   |  1- 3 |  4- 6 |  7- 9 || total
-------------------------+-------+-------+-------++-------
Melee: Unarmed           |    89 |   112 |   160 ||   361
       Constrict         |    23 |    21 |    20 ||    64
       Tentacles         |     8 |    18 |    14 ||    40
       Kick              |    10 |    17 |    13 ||    40
       Punch             |       |     1 |     2 ||     3
 Cast: Beastly Appendage |     9 |    13 |    12 ||    34
       Spider Form       |     2 |     4 |     1 ||     7
       Ice Form          |       |     1 |    12 ||    13
Invok: Fungal Bloom      |       |    12 |     5 ||    17
  Use: Scroll            |     4 |     4 |     5 ||    13
       Potion            |     1 |     1 |     4 ||     6
 Stab: Sleeping          |     5 |     6 |     2 ||    13
  Eat: Chunk             |     3 |     4 |    11 ||    18
       Ration            |       |     1 |     1 ||     2
Armor: Skin              |     3 |     4 |    25 ||    32
Dodge: Dodged            |    50 |    85 |    99 ||   234
